 Dungeon Crawl Stone Soup version 0.15-a0-734-g2b8d6ef (webtiles) character file.

37 PolkaDot the Caller (level 3, -2/24 HPs)
             Began as a Vampire Summoner on May 11, 2014.
             Killed from afar by a goblin (9 damage)
             ... with a wand of flame
             ... on Level 2 of the Dungeon.
             The game lasted 00:04:45 (1293 turns).

PolkaDot the Caller (Vampire Summoner)              Turns: 1293, Time: 00:04:46

HP  -2/24        AC  4     Str  7      XL: 3   Next: 21%
MP  14/15        EV 12     Int 18      God:
Gold 44          SH  0     Dex 14      Spells:  2 memorised,  3 levels left

rFire  . . .     SeeInvis +     d - +2,+1 whip (pain)
rCold  . . .     Clarity  .     a - +0 robe
rNeg   . . .     Conserve .     (no shield)
rPois  .         rCorr    .     g - +1 helmet
rElec  .         rRot     .     (no cloak)
SustAb . .       Spirit   .     (no gloves)
rMut   .         Warding  .     (no boots)
Gourm  .         Stasis   .     (no amulet)
MR     .....                    (no ring)
                                f - ring of magical power

@: regenerating quickly, not resistant to hostile enchantments, unstealthy
A: fangs 3, see invisible, unbreathing
a: no special abilities


You were on level 2 of the Dungeon.
You were full.

You visited 1 branch of the dungeon, and saw 2 of its levels.

You collected 44 gold pieces.

Inventory:

Hand weapons
 d - a +2,+1 whip of pain (weapon)
Armour
 a - a +0 robe (worn)
 g - a +1 helmet (worn)
Scrolls
 c - a scroll of enchant weapon I {unknown}
 h - a scroll of recharging {unknown}
 i - a scroll of enchant armour {unknown}
 j - 3 scrolls of remove curse {unknown}
 k - a scroll of enchant weapon II {unknown}
Jewellery
 f - a ring of magical power (left hand)
Potions
 e - a potion of brilliance {unknown}
 l - a potion of agility {unknown}
 m - a potion of curing {unknown}
Books
 b - a book of Callings

   Spells                             Type                      Level
   *Summon Small Mammal               Summoning                    1
   *Call Imp                          Summoning                    2
   Call Canine Familiar               Summoning                    3
   Summon Guardian Golem              Hexes/Summoning              4
   Summon Lightning Spire             Summoning/Air                4
   Summon Ice Beast                   Ice/Summoning                4


   Skills:
 - Level 2.1 Dodging
 - Level 3.0 Stealth
 - Level 2.0 Spellcasting
 + Level 5.1 Summonings


You had 3 spell levels left.
You knew the following spells:

 Your Spells              Type           Power        Failure   Level  Hunger
a - Summon Small Mammal   Summ           ###.         1%          1    #......
s - Call Imp              Summ           ###.....     3%          2    ##.....


Dungeon Overview and Level Annotations

Branches:
Dungeon (2/15)

Altars:
Vehumet


Innate Abilities, Weirdness & Mutations

Your natural rate of healing is unusually fast.
You have razor-sharp teeth.*
You have supernaturally acute eyesight.
You can survive without breathing.*


Message History

Things that are here:
a club; a hobgoblin skeleton
Found a radiant altar of Vehumet.
A goblin comes into view.
The goblin shouts!
The goblin zaps a wand.
The puff of flame hits you!
You are too injured to fight recklessly!
You are too injured to fight recklessly!
You are too injured to fight recklessly!
Casting: Call Imp
Confirm with . or Enter, or press ? or * to list all spells.
You don't know that spell.
The goblin zaps a wand.
The puff of flame hits you!
* * * LOW HITPOINT WARNING * * *
Drink which item? (? for menu, Esc to quit)
Okay, then.
Casting: Call Imp
Confirm with . or Enter, or press ? or * to list all spells.
The goblin zaps a wand.
The puff of flame hits you!
You die...

#.# #.#
#.# #.#
#.# #.#
#.#
##.######
#..@....#
#.r.#...#
#.... ..#
...#._g
.#
###......
#
#...#...
........#
........
..#


You could see a goblin and a friendly quokka.

Vanquished Creatures
  Ijyb (D:2)
  2 bats (D:1)
  2 goblins (D:1)
  3 hobgoblins
  4 jackals (D:1)
  2 kobolds (D:1)
  A giant newt (D:1)
  3 rats
18 creatures vanquished.

Vanquished Creatures (collateral kills)
  A worm (D:2)
  A hobgoblin (D:2)
  A jackal (D:1)
  A goblin (D:1)
  A kobold (D:1)
5 creatures vanquished.

Vanquished Creatures (others)
  2 quokkas
  4 bats
  A rat (D:2)
7 creatures vanquished.

Grand Total: 30 creatures vanquished

Notes
Turn   | Place    | Note
--------------------------------------------------------------
     0 | D:1      | PolkaDot, the Vampire Summoner, began the quest for the Orb.
     0 | D:1      | Reached XP level 1. HP: 13/13 MP: 3/3
   363 | D:1      | Reached XP level 2. HP: 19/19 MP: 4/4
   535 | D:1      | Learned a level 2 spell: Call Imp
   803 | D:2      | Noticed Ijyb
   812 | D:2      | Killed Ijyb
   812 | D:2      | Reached skill level 5 in Summonings
   812 | D:2      | Reached XP level 3. HP: 24/24 MP: 4/6
  1288 | D:2      | Found a radiant altar of Vehumet.
  1293 | D:2      | Killed from afar by a goblin

Action                   || total
-------------------------++-------
Melee: Whip              ||    53
       Unarmed           ||     5
 Cast: Summon Small Mamm ||    22
       Call Imp          ||     7
  Use: Potion            ||     1
 Stab: Sleeping          ||     4
